PCL
GRESHAM GOLD SOULS @ MEXICO CITY CERVECEROS
09/18/2024
 
TOP OF THE 1ST
Gresham Gold Souls batting - Pitching for Mexico City Cerveceros : RHP Roberto Matoza
Pitching: RHP Roberto Matoza
Batting: RHB Daniel Guerrero 0-0: Ball
1-0: Ground out 4-3 (Groundball, 4)
Batting: RHB Douglas Davis 0-0: Called Strike
0-1: Swinging Strike
0-2: Ball
1-2: Ball
2-2: SINGLE (Groundball, 56D)
Batting: RHB Pablo Castillo Pickoff Throw to First - Out!
0-0: Fly out, F7 (Flyball, 7M)
Top of the 1st over - 0 run(s), 1 hit(s), 0 error(s), 0 left on base; Gresham 0 - Mexico City 0
BOTTOM OF THE 1ST
Mexico City Cerveceros batting - Pitching for Gresham Gold Souls : RHP Arturo Martínez
Pitching: RHP Arturo Martínez
Batting: RHB Henning Huisman 0-0: Ball
1-0: Fly out, F9 (Flyball, 9S)
Batting: LHB Kevin Beasley 0-0: Ball
1-0: Foul Ball, location: 2F
1-1: Ball
2-1: Foul Ball, location: 2F
2-2: Ball
3-2: Base on Balls
Batting: RHB Iván Gonzáles 0-0: Ball
1-0: Called Strike
1-1: Ball
2-1: Foul Ball, location: 2F
2-2: Strikes out looking
Batting: LHB Sammy Marshall 0-0: Called Strike
0-1: Ball
1-1: Foul Ball, location: 2F
1-2: Ball
2-2: Ground out 5-3 (Groundball, 5S)
Bottom of the 1st over - 0 run(s), 0 hit(s), 0 error(s), 1 left on base; Gresham 0 - Mexico City 0
TOP OF THE 2ND
Gresham Gold Souls batting - Pitching for Mexico City Cerveceros : RHP Roberto Matoza
Batting: LHB Mike Young 0-0: Called Strike
0-1: Called Strike
0-2: Strikes out swinging
Batting: RHB Lorenzo Morín 0-0: Ball
1-0: Ground out 4-3 (Groundball, 4)
Batting: SHB Sean Carr 0-0: Ball
1-0: Ball
2-0: Ball
3-0: Called Strike
3-1: Base on Balls
Batting: LHB Salvador Ruíz 0-0: Called Strike
0-1: SINGLE (Line Drive, 8LS)
Sean Carr to second
Runner from 2nd tries for 3rd, SAFE, throw made to third
Batting: SHB Vicente Martínez 0-0: Ball
1-0: Ground out U3 (Groundball, 3)
Top of the 2nd over - 0 run(s), 1 hit(s), 0 error(s), 2 left on base; Gresham 0 - Mexico City 0
BOTTOM OF THE 2ND
Mexico City Cerveceros batting - Pitching for Gresham Gold Souls : RHP Arturo Martínez
Batting: RHB Pablo Trujillo 0-0: Ball
1-0: Ball
2-0: Foul Ball, location: 2F
2-1: Foul Ball, location: 2F
2-2: Ball
3-2: Strikes out swinging
Batting: RHB Jorge González 0-0: Ground out 5-3 (Groundball, 56S)
Batting: LHB Francisco Franco 0-0: SOLO HOME RUN (Flyball, 8RXD), Distance : 438 ft
Batting: SHB George Adams 0-0: Called Strike
0-1: Ball
1-1: Swinging Strike
1-2: Ball
2-2: Strikes out swinging
Bottom of the 2nd over - 1 run(s), 1 hit(s), 0 error(s), 0 left on base; Gresham 0 - Mexico City 1
TOP OF THE 3RD
Gresham Gold Souls batting - Pitching for Mexico City Cerveceros : RHP Roberto Matoza
Batting: RHB Jeff Thompson 0-0: Called Strike
0-1: Ball
1-1: Foul Ball, location: 2F
1-2: Foul Ball, location: 2F
1-2: Strikes out swinging
Batting: RHB Daniel Guerrero 0-0: Ball
1-0: Ball
2-0: Foul Ball, location: 2F
2-1: Foul Ball, location: 2F
2-2: SINGLE (Groundball, 34S) (infield hit)
Batting: RHB Douglas Davis 0-0: Ball
Daniel Guerrero steals 2nd base
1-0: Called Strike
1-1: Swinging Strike
1-2: Strikes out swinging
Batting: RHB Pablo Castillo 0-0: Ball
1-0: Called Strike
1-1: Foul Ball, location: 2F
1-2: Strikes out looking
Top of the 3rd over - 0 run(s), 1 hit(s), 0 error(s), 1 left on base; Gresham 0 - Mexico City 1
BOTTOM OF THE 3RD
Mexico City Cerveceros batting - Pitching for Gresham Gold Souls : RHP Arturo Martínez
Batting: RHB Jorge Rodríguez 0-0: Ball
1-0: Called Strike
1-1: Swinging Strike
1-2: Ball
2-2: Foul Ball, location: 2F
2-2: Strikes out swinging
Batting: RHB Henning Huisman 0-0: Ball
1-0: Called Strike
1-1: Swinging Strike
1-2: Strikes out swinging
Batting: LHB Kevin Beasley 0-0: Ball
1-0: Ground out 4-3 (Groundball, 4M)
Bottom of the 3rd over - 0 run(s), 0 hit(s), 0 error(s), 0 left on base; Gresham 0 - Mexico City 1
TOP OF THE 4TH
Gresham Gold Souls batting - Pitching for Mexico City Cerveceros : RHP Roberto Matoza
Batting: LHB Mike Young 0-0: Foul Ball, location: 2F
0-1: Called Strike
0-2: Ball
1-2: Foul Ball, location: 2F
1-2: Strikes out swinging
Batting: RHB Lorenzo Morín 0-0: SINGLE (Line Drive, 9S)
Batting: SHB Sean Carr 0-0: Swinging Strike
0-1: Foul Ball, location: 2F
0-2: Ball
1-2: Ball
2-2: Strikes out swinging
Batting: LHB Salvador Ruíz 0-0: Swinging Strike
0-1: Ball
1-1: Swinging Strike
1-2: Strikes out swinging
Top of the 4th over - 0 run(s), 1 hit(s), 0 error(s), 1 left on base; Gresham 0 - Mexico City 1
BOTTOM OF THE 4TH
Mexico City Cerveceros batting - Pitching for Gresham Gold Souls : RHP Arturo Martínez
Batting: RHB Iván Gonzáles 0-0: SINGLE (Groundball, 56D)
Batting: LHB Sammy Marshall 0-0: Ball
1-0: Swinging Strike
1-1: Called Strike
1-2: Ball
2-2: Strikes out swinging
Batting: RHB Pablo Trujillo 0-0: Fly out, F7 (Flyball, 78M)
Batting: RHB Jorge González 0-0: Ball
1-0: SINGLE (Groundball, 56)
Iván Gonzáles to second
Batting: LHB Francisco Franco 0-0: Ball
1-0: Called Strike
1-1: Foul Ball, location: 2F
1-2: Strikes out swinging
Bottom of the 4th over - 0 run(s), 2 hit(s), 0 error(s), 2 left on base; Gresham 0 - Mexico City 1
TOP OF THE 5TH
Gresham Gold Souls batting - Pitching for Mexico City Cerveceros : RHP Roberto Matoza
Batting: SHB Vicente Martínez 0-0: Swinging Strike
0-1: Ball
1-1: SOLO HOME RUN (Flyball, 89XD), Distance : 408 ft
Batting: RHB Jeff Thompson 0-0: Called Strike
0-1: Ball
1-1: Swinging Strike
1-2: Foul Ball, location: 2F
1-2: Foul Ball, location: 2F
1-2: Ball
2-2: Strikes out swinging
Batting: RHB Daniel Guerrero 0-0: Ball
1-0: Called Strike
1-1: Ball
2-1: Fly out, F8 (Flyball, 8RM)
Batting: RHB Douglas Davis 0-0: Swinging Strike
0-1: Swinging Strike
0-2: Ball
1-2: Ball
2-2: DOUBLE (Line Drive, 5L)
Batting: RHB Pablo Castillo 0-0: Ball
1-0: Ground out 6-3 (Groundball, 6)
Top of the 5th over - 1 run(s), 2 hit(s), 0 error(s), 1 left on base; Gresham 1 - Mexico City 1
BOTTOM OF THE 5TH
Mexico City Cerveceros batting - Pitching for Gresham Gold Souls : RHP Arturo Martínez
Batting: SHB George Adams 0-0: Fly out, F9 (Line Drive, 9M)
Batting: RHB Jorge Rodríguez 0-0: Ball
1-0: Ball
2-0: Ball
3-0: Swinging Strike
3-1: Called Strike
3-2: Foul Ball, location: 2F
3-2: Foul Ball, location: 2F
3-2: Strikes out swinging
Batting: RHB Henning Huisman 0-0: Called Strike
0-1: Foul Ball, location: 2F
0-2: Strikes out looking
Bottom of the 5th over - 0 run(s), 0 hit(s), 0 error(s), 0 left on base; Gresham 1 - Mexico City 1
TOP OF THE 6TH
Gresham Gold Souls batting - Pitching for Mexico City Cerveceros : RHP Roberto Matoza
Batting: LHB Mike Young 0-0: Called Strike
0-1: Swinging Strike
0-2: Strikes out swinging
Batting: RHB Lorenzo Morín 0-0: Called Strike
0-1: Called Strike
0-2: Ball
1-2: Strikes out swinging
Batting: SHB Sean Carr 0-0: Ball
1-0: Called Strike
1-1: Foul Ball, location: 2F
1-2: Ball
2-2: Fly out, F5 (Popup, 6)
Top of the 6th over - 0 run(s), 0 hit(s), 0 error(s), 0 left on base; Gresham 1 - Mexico City 1
BOTTOM OF THE 6TH
Mexico City Cerveceros batting - Pitching for Gresham Gold Souls : RHP Arturo Martínez
Batting: LHB Kevin Beasley 0-0: Foul Ball, location: 2F
0-1: Called Strike
0-2: Fly out, F8 (Flyball, 8RS)
Batting: RHB Iván Gonzáles 0-0: Ground out 6-3 (Groundball, 6)
Batting: LHB Sammy Marshall 0-0: Called Strike
0-1: Ball
1-1: SINGLE (Groundball, 4MD)
Batting: RHB Pablo Trujillo 0-0: Called Strike
0-1: Ball
1-1: Ball
2-1: Swinging Strike
2-2: Fly out, F8 (Flyball, 8LD)
Bottom of the 6th over - 0 run(s), 1 hit(s), 0 error(s), 1 left on base; Gresham 1 - Mexico City 1
TOP OF THE 7TH
Gresham Gold Souls batting - Pitching for Mexico City Cerveceros : RHP Roberto Matoza
Pitching: RHP David Escobido
Batting: LHB Salvador Ruíz 0-0: Called Strike
0-1: Ball
1-1: Called Strike
1-2: Strikes out swinging
Batting: SHB Vicente Martínez 0-0: Fly out, F4 (Popup, 4MD)
Batting: RHB Jeff Thompson 0-0: Ball
1-0: Swinging Strike
1-1: Ball
2-1: Swinging Strike
2-2: Ball
3-2: Foul Ball, location: 2F
3-2: Base on Balls
Pinch Hitting: RHB Carlos García Pickoff Throw to First - Out!
Top of the 7th over - 0 run(s), 0 hit(s), 0 error(s), 0 left on base; Gresham 1 - Mexico City 1
BOTTOM OF THE 7TH
Mexico City Cerveceros batting - Pitching for Gresham Gold Souls : RHP Arturo Martínez
Now in RF: Carlos García
Batting: RHB Jorge González 0-0: Ball
1-0: Called Strike
1-1: Foul Ball, location: 2F
1-2: Ground out 6-3 (Groundball, 6M)
Batting: LHB Francisco Franco 0-0: Ball
1-0: Ball
2-0: Ball
3-0: Base on Balls
Pinch Hitting: RHB Robinson Pacheco 0-0: Ball
1-0: Called Strike
1-1: Ball
2-1: Ball
3-1: Foul Ball, location: 2F
3-2: Foul Ball, location: 2F
3-2: Foul Ball, location: 2F
3-2: Ground out 5-3 (Groundball, 56)
Francisco Franco to second
Pinch Hitting: RHB Carl Martin 0-0: Fly out, F9 (Flyball, 9S)
Bottom of the 7th over - 0 run(s), 0 hit(s), 0 error(s), 1 left on base; Gresham 1 - Mexico City 1
TOP OF THE 8TH
Gresham Gold Souls batting - Pitching for Mexico City Cerveceros : RHP David Escobido
Now at 2B: Ánibal Gonzáles
Now at SS: Robinson Pacheco
Batting: RHB Carlos García 0-0: Ball
1-0: Ground out 5-3 (Groundball, 5S)
Batting: RHB Douglas Davis 0-0: Ground out 5-3 (Groundball, 5S)
Batting: RHB Pablo Castillo 0-0: Swinging Strike
0-1: Ball
1-1: Foul Ball, location: 2F
1-2: Strikes out swinging
Top of the 8th over - 0 run(s), 0 hit(s), 0 error(s), 0 left on base; Gresham 1 - Mexico City 1
BOTTOM OF THE 8TH
Mexico City Cerveceros batting - Pitching for Gresham Gold Souls : RHP Arturo Martínez
Pitching: RHP Jorge Oliva
Pinch Hitting: LHB Juan García 0-0: Called Strike
0-1: Swinging Strike
0-2: Strikes out swinging
Pitching: LHP Pepe Caro
Batting: LHB Kevin Beasley 0-0: Foul Ball, location: 2F
0-1: Swinging Strike
0-2: Ball
1-2: Fly out, F7 (Flyball, 7LS)
Batting: RHB Iván Gonzáles 0-0: DOUBLE (Groundball, 3L)
Pitching: RHP José González
Batting: LHB Sammy Marshall 0-0: Called Strike
0-1: Ball
1-1: Foul Ball, location: 2F
1-2: Ball
2-2: Ball
3-2: SINGLE (Groundball, 56D) (infield hit)
Iván Gonzáles to third
Batting: RHB Pablo Trujillo 0-0: Called Strike
0-1: Ball
1-1: Foul Ball, location: 2F
1-2: Ball
2-2: Foul Ball, location: 2F
2-2: Fly out, F8 (Line Drive, 78XD)
Bottom of the 8th over - 0 run(s), 2 hit(s), 0 error(s), 2 left on base; Gresham 1 - Mexico City 1
TOP OF THE 9TH
Gresham Gold Souls batting - Pitching for Mexico City Cerveceros : RHP David Escobido
Pitching: RHP Bill Bygrove
Now in CF: Juan García
Batting: LHB Mike Young 0-0: Ball
1-0: Swinging Strike
1-1: Ball
2-1: Foul Ball, location: 2F
2-2: Fly out, F4 (Line Drive, 4M)
Batting: RHB Lorenzo Morín 0-0: Ball
1-0: Ball
2-0: Ball
3-0: Called Strike
3-1: Foul Ball, location: 2F
3-2: DOUBLE (Flyball, 7D)
Batting: SHB Sean Carr 0-0: Ball
1-0: Fly out, F7 (Line Drive, 78M)
Now in LF: Jesús Núńez
Batting: LHB Salvador Ruíz 0-0: Called Strike
0-1: Ball
1-1: Ball
2-1: Ball
3-1: Fly out, F7 (Flyball, 7D)
Top of the 9th over - 0 run(s), 1 hit(s), 0 error(s), 1 left on base; Gresham 1 - Mexico City 1
BOTTOM OF THE 9TH
Mexico City Cerveceros batting - Pitching for Gresham Gold Souls : RHP José González
Batting: RHB Jorge González 0-0: Fly out, F9 (Flyball, 9LM)
Batting: LHB Francisco Franco 0-0: Ball
1-0: Ball
2-0: Foul Ball, location: 2F
2-1: Ball
3-1: SOLO HOME RUN (Flyball, 89XD), Distance : 411 ft
This league is powered by Out of the Park Baseball, the baseball management simulation game for PC, Mac and Linux
Saturday, April 9th, 2016 - OOTP Baseball 16.8 Build 38